AoeStats
← iAlejandrouae

African Clearing

506589397Analyzed
3v3 RM · 18d ago on Sep 14, 2026· 23m 49s· 6 players
Game mode
Random Map
Map size
Normal (6 player)
Population
200
Speed
Normal
Resources
Standard
Victory
Conquest
Starting age
Dark Age
Ending age
Imperial Age
RankedLock teamsTeams togetherTeam positionsShared explorationLock speedFull tech treeHidden civsTurbo modeCheats
Victory
Defeat
🇲🇴 Berbers · Macao SAR China
1410
+18
🇺🇸 Spanish · United States
1335
+21
🇦🇷 Malians · Argentina
1317
+21
🇦🇷 Vietnamese · Argentina
1621
-27
🇨🇴 Huns · Colombia
1388
-18
🇨🇴 Italians · Colombia
1310
-15
alexisjcw
5:10 Loom
14:10 Feudal Age
15:37 Town Watch
19:12 Castle Age
18:52 Gold Mining
18:59 Stone Mining
18:54 Horse Collar
20:18 Padded Archer Armor
20:06 Double-Bit Axe
20:24 Heavy Plow
dont help
3:53 Loom
14:51 Feudal Age
15:33 Double-Bit Axe
15:39 Horse Collar
19:44 Forging
19:58 Scale Barding Armor
25:14 Castle Age
aldyto1994
7:01 Loom
11:46 Feudal Age
12:37 Town Watch
12:51 Double-Bit Axe
14:35 Scale Barding Armor
22:14 Castle Age
21:47 Man-at-Arms
22:16 Arson
22:45 Long Swordsman
23:29 Squires
[IMGG]LORDOCT
10:29 Loom
13:30 Feudal Age
20:00 Castle Age
19:00 Stone Mining
[KT] The Best
12:35 Loom
14:21 Feudal Age
15:32 Double-Bit Axe
15:40 Gold Mining
18:46 Castle Age
18:57 Fletching
19:43 Bow Saw
20:18 Bodkin Arrow
22:22 Ballistics
23:31 Padded Archer Armor
iAlejandrouae
3:21 Loom
14:58 Feudal Age
18:42 Castle Age
17:27 Double-Bit Axe
17:27 Horse Collar
Connection lost

Rejoining the realm…

Still unreachable

The connection could not be restored.

Session expired

The server has moved on; the page needs a fresh start.